 Dungeon Crawl Stone Soup version 0.31-a0-875-g02e7d12df6 (webtiles) character file.

Game seed: 8541776557070174935

97 Dordric the Changeling (level 5, -2/37 HPs)
             Began as a Djinni Shapeshifter on Oct 12, 2023.
             Slain by Ijyb
             ... wielding a +5 dagger of venom
              (8 damage)
             ... on level 3 of the Dungeon.
             The game lasted 00:01:44 (1883 turns).

Dordric the Changeling (Djinni Shapeshifter)        Turns: 1883, Time: 00:01:45

Health: -2/37      AC: 10    Str: 13    XL:     5   Next: 0%
Gold:   150        EV:  3    Int: 11    God:
                   SH:  0    Dex: 15

rFire   + +          .
                       - Unarmed
rCold   x . .        (no shield)
rNeg    . . .        l - +0 plate armour
rPois   ∞            (helmet currently unavailable)
rElec   .            (cloak currently unavailable)
rCorr   .            (gloves currently unavailable)
SInv    .            (boots unavailable)
Will    .....        (no amulet) Stlth
                     (no ring)
HPRegen 0.26/turn    (no ring)
MPRegen 0.00/turn

%: infuse magic (-3 HP)
@: beast-form, flying
A: beast (slay +2), flying, sickness immunity, fire resistance 2, cold
vulnerability 1, float, innate caster, HP casting, extra vitality 1
a: Begin Untransformation


You were on level 3 of the Dungeon.
You were a hulking beast.
You visited 1 branch of the dungeon, and saw 3 of its levels.

You collected 150 gold pieces.

Inventory:

Hand Weapons
 k - a +0 sling
Armour
 a - a +0 animal skin
 l - a +0 plate armour (worn)
Jewellery
 p - an amulet of reflection
Talismans
 c - a beast talisman (active)
 d - a flux talisman
Scrolls
 f - a scroll of blinking {unknown}
 g - 2 scrolls of identify {unknown}
 i - a scroll of vulnerability {unknown}
 j - a scroll of enchant weapon {unknown}
 q - a scroll of teleportation {unknown}
Potions
 b - a potion of lignification
 e - 2 potions of attraction {unknown}
 h - 2 potions of ambrosia {unknown}
 m - a potion of resistance {unknown}
 n - a potion of invisibility {unknown}
 o - a potion of heal wounds {unknown}


   Skills:
 - Level 1.0 Fighting
 - Level 2.1 Dodging
 - Level 3.0 Unarmed Combat
 + Level 4.5 Shapeshifting


You knew the following spells:

 Your Spells              Type           Power      Damage    Failure   Level
a - Summon Small Mammal   Summ           0%         N/A       100%        1
b - Lesser Beckoning      Tloc           0%         N/A       100%        2
Your spell library was empty.


Dungeon Overview and Level Annotations

Branches:
Dungeon (3/15)

Altars:

Annotations:
D:3 Ijyb


Innate Abilities, Weirdness & Mutations

You are a hulking beast.
Your limbs bulge with bestial killing power. (Slay +2)
You are flying.
You are immune to sickness and miasma.
You are immune to poison.
Your flesh is very heat resistant. (rF++)
You are vulnerable to cold. (rC-)
You float through the air rather than walking.
You learn spells naturally, not from books.
Your magical power is your life essence.
You have superior vitality. (+4 MHP)


Message History

There is a stone staircase leading down here.
You fly downwards.
Level annotation: Ijyb
There is a stone staircase leading up here.
You start putting on your amulet.
You continue putting on your amulet of reflection.
Ijyb zaps a wand.
You stop putting on your amulet.
You struggle to resist.
You hit Ijyb.
Ijyb is lightly wounded.
Ijyb hits you with a +5 dagger of venom.
You hit Ijyb but do no damage.
Ijyb is lightly wounded.
Ijyb hits you but does no damage.
You hit Ijyb.
Ijyb is lightly wounded.
Ijyb hits you with a +5 dagger of venom.
You barely miss Ijyb.
Ijyb is lightly wounded.
Ijyb hits you with a +5 dagger of venom.
You hit Ijyb.
Ijyb is moderately wounded.
Ijyb zaps a wand.
Your mind is blasted!
You hit Ijyb.
Ijyb is heavily wounded.
Ijyb hits you with a +5 dagger of venom!
You closely miss Ijyb.
Ijyb is heavily wounded.
Ijyb hits you with a +5 dagger of venom.
* * * LOW HITPOINT WARNING * * *
You hit Ijyb but do no damage.
Ijyb is heavily wounded.
Ijyb zaps a wand.
You struggle to resist.
You hit Ijyb.
Ijyb is heavily wounded.
Ijyb hits you with a +5 dagger of venom.
* * * LOW HITPOINT WARNING * * *
You hit Ijyb.
Ijyb is severely wounded.
Ijyb hits you with a +5 dagger of venom!
You die...

. #. . #. . .
#.. .##. .
#.##..# ## .#
#.#..##.#..#
#.?.....###
#.[........
#####..g...#
.......h...#
.####.......#
#.......#
#.......#
##.....##
##...## #####


You could see Ijyb.

Vanquished Creatures
  An orc wizard (D:2)
  2 adders (D:2)
  A worm (D:2)
  2 dart slugs (D:1)
  2 orcs
  A ball python (D:1)
  4 endoplasms
  A giant cockroach (D:1)
  4 goblins (D:2)
  4 hobgoblins
  A quokka (D:1)
  2 bats
  2 frilled lizards (D:2)
  2 kobolds (D:1)
  3 rats
32 creatures vanquished.

Vanquished Creatures (others)
  An orc wizard (D:3)
1 creature vanquished.

Grand Total: 33 creatures vanquished

Notes
Turn   | Place    | Note
-------+----------+-------------------------------------------
     0 | D:1      | Dordric the Djinni Shapeshifter began the quest for the
                  | Orb.
     0 | D:1      | Reached XP level 1. HP: 17/17 MP: 0/0
   173 | D:1      | Reached skill level 3 in Shapeshifting
   269 | D:1      | Reached XP level 2. HP: 22/22 MP: 0/0
   911 | D:1      | Reached XP level 3. HP: 27/27 MP: 0/0
   911 | D:1      | Learned a level 1 spell: Summon Small Mammal
  1585 | D:2      | Reached skill level 4 in Shapeshifting
  1585 | D:2      | Reached XP level 4. HP: 32/32 MP: 0/0
  1673 | D:3      | Noticed Ijyb
  1796 | D:2      | Reached XP level 5. HP: 19/37 MP: 0/0
  1796 | D:2      | Learned a level 2 spell: Lesser Beckoning
  1883 | D:3      | Slain by Ijyb

Illustrated notes

Levels and vault maps discovered:
D:1:      ncdulo_halloftheorcs, layout_loops_corners, serial_park_tiny_1
D:2:      layout_basic, kennysheep_generic_room_9
D:3:      layout_rooms, minivault_25, nicolae_eternal_life, uniq_ijyb,
          uniq_natasha

Skill      XL: |  1  2  3 |
---------------+----------+-----
Shapeshifting  | 3 4 |  4.5
Fighting       | |  1.0
Dodging        | |  2.1
Unarmed Combat | |  3.0

Action                     |  1- 3 |  4- 6 || total
---------------------------+-------+-------++-------
  Melee: Unarmed           |    65 |    42 ||   107
         Punch             |     1 |     1 ||     2
   Fire: Sling             |     5 |       ||     5
   Stab: Sleeping          |     1 |       ||     1
 Armour: Animal skin       |    15 |       ||    15
         Plate armour      |    25 |    40 ||    65
  Dodge: Dodged            |    22 |     5 ||    27

Table legend: (Time is in decaauts)
 A = Elapsed time spent in this place.
 B = Non-inter-level travel time spent in this place.
 C = Inter-level travel time spent in this place.
 D = Time resting spent in this place.
 E = Time spent auto-exploring this place.
 F = Levels seen in this place.
 G = Mean time per level.
                   A        B        C        D        E       F      G
               +--------+--------+--------+--------+--------+-----+--------+
         Total |   1880 |   1729 |    151 |    156 |   1317 |   3 |  626.7 |
       Dungeon |   1880 |   1729 |    151 |    156 |   1317 |   3 |  626.7 |
               +--------+--------+--------+--------+--------+-----+--------+

Top non-repeatable levels by time:
     D:1: 1181 daAuts
     D:2: 665 daAuts
     D:3: 33 daAuts
